 Dungeon Crawl Stone Soup version 0.24.0-13-gcf9b3192b9 (console) character file.

Game seed: 1197360784269137892, levelgen mode: deterministic

42 AlterAsc the Charmwright (level 3, -4/27 HPs)
             Began as a Vampire Skald on Nov 10, 2019.
             Killed from afar by an orc wizard (10 damage)
             ... with a puff of frost
             ... on level 2 of the Dungeon.
             The game lasted 00:02:53 (796 turns).

AlterAsc the Charmwright (Vampire Skald)             Turns: 796, Time: 00:02:54

Health: -4/27      AC:  3    Str: 11    XL:     3   Next: 35%
Magic:  0/6        EV: 12    Int: 15    God:
Gold:   40         SH:  0    Dex: 13    Spells: 0/6 levels left

rFire    . . .     SeeInvis +   a - +0 short sword
rCold    . . .     Gourm    .   (no shield)
rNeg     . . .     Faith    .   b - +0 leather armour
rPois    .         Spirit   .   (no helmet)
rElec    .         Reflect  .   (no cloak)
rCorr    .         Harm     .   (no gloves)
MR       .....                  (no boots)
Stlth    ..........             (no amulet)
HPRegen  0.29/turn              g - ring of attention (curse)
MPRegen  0.10/turn              (no ring)

@: infused (expiring), regenerating quickly
A: no food, fangs 3, see invisible, unbreathing
a: Exsanguinate


You were on level 2 of the Dungeon.
You were alive.

You visited 1 branch of the dungeon, and saw 2 of its levels.

You collected 40 gold pieces.

Inventory:

Hand Weapons
 a - a +0 short sword (weapon)
Armour
 b - a +0 leather armour (worn)
Jewellery
 g - a cursed ring of attention (left hand)
Scrolls
 d - a scroll of fear {unknown}
 e - a scroll of teleportation {unknown}
 f - 2 scrolls of amnesia {unknown}
 k - a scroll of fog {unknown}
Potions
 c - a potion of curing {unknown}
 h - a potion of berserk rage {unknown}
 i - a potion of heal wounds {unknown}
 j - a potion of lignification {unknown}
 l - a potion of might {unknown}


   Skills:
 + Level 2.2 Fighting
 * Level 3.1 Short Blades
 - Level 0.7 Armour
 - Level 2.1 Dodging
 + Level 2.3 Spellcasting
 + Level 3.6 Charms
 + Level 0.0 Necromancy


You couldn't memorise any spells.
You knew the following spells:

 Your Spells              Type           Power        Failure   Level  Hunger
a - Infusion              Chrm           ##..         6%          1    N/A
b - Song of Slaying       Chrm           ##......     10%         2    N/A
c - Regeneration          Chrm/Necr      #.........   36%         3    N/A

Your spell library contained the following spells:

 Spells                   Type           Power        Failure   Level  Hunger
 Shroud of Golubria       Chrm/Tloc      #.....       21%         2    N/A
 Spectral Weapon          Hex/Chrm       #.......     36%         3    N/A

Dungeon Overview and Level Annotations

Branches:
Dungeon (2/15)

Altars:


Innate Abilities, Weirdness & Mutations

You do not eat.
Your natural rate of healing is unusually fast.
You have razor-sharp teeth.
You have supernaturally acute eyesight. (SInv)
You can survive without breathing.


Message History

You hit the orc wizard but do no damage.
The orc wizard is moderately wounded.
The orc wizard hits you but does no damage.
You hit the orc wizard.
The orc wizard is severely wounded.
The orc wizard misses you.
You closely miss the orc wizard.
The orc wizard is severely wounded.
The orc wizard casts a spell at you. The puff of frost hits you!
The orc wizard points at you and mumbles some strange words.
The magic dart hits you!
* * * LOW HITPOINT WARNING * * *
The orc wizard looks encouraged for a moment.
The orc wizard looks satisfied for a moment.
Your magical infusion is running out.
An orc comes into view. It is wielding a +0 short sword.
The orc wizard points at you and mumbles some strange words.
The puff of frost hits you!
You die...

..####.####.#
#.# #.# #.# #†#
#.# #.# .#. #.#
# # #.# #.#####
#.....##########
#####.@o.oo..o.#
#.########†# ###
#.# #.# #.# #o.#
.#.# .. .. o≈.
..#


You could see 3 orc wizards and an orc (wandering).

Vanquished Creatures
  A gnoll (D:1)
  A worm (D:2)
  4 dart slugs (D:1)
  A leopard gecko (D:1)
  3 bats
  2 giant cockroaches (D:1)
  A goblin (D:1)
  A hobgoblin (D:1)
  A ball python (D:2)
  2 frilled lizards (D:1)
  3 kobolds (D:1)
  2 rats (D:1)
22 creatures vanquished.

Notes
Turn   | Place    | Note
-------+----------+-------------------------------------------
     0 | D:1      | AlterAsc the Vampire Skald began the quest for the Orb.
     0 | D:1      | Reached XP level 1. HP: 16/16 MP: 3/3
   124 | D:1      | Reached XP level 2. HP: 12/22 MP: 0/5
   351 | D:1      | Reached XP level 3. HP: 27/27 MP: 1/6
   730 | D:2      | Learned a level 2 spell: Song of Slaying
   734 | D:2      | Learned a level 3 spell: Regeneration
   796 | D:2      | Killed from afar by an orc wizard

Levels and vault maps discovered:
D:1:      minmay_arrival_four_houses, layout_loops_cross
D:2:      layout_loops_ring, elyvilon_altar_3, minmay_tetromino_o4, uniq_jessica

Skill      XL: |  1  2 |
---------------+-------+-----
Fighting       | 2 |  2.2
Short Blades   | 3 |  3.1
Armour         | |  0.7
Dodging        | |  2.1
Spellcasting   | |  2.3
Charms         | |  3.6

Action                   || total
-------------------------++-------
Melee: Short sword       ||    85
       Bite              ||     2
 Cast: Infusion          ||     7
Armor: Leather armour    ||    20
Dodge: Dodged            ||    46
